 Dungeon Crawl Stone Soup version 0.26-a0-519-gb2f46efeda (webtiles) character file.

Game seed: 3520786267357628390

152 BritishOli the Skirmisher (level 5, -3/42 HPs)
             Began as a Demonspawn Fighter on Aug 10, 2020.
             Slain by Grinder (4 damage)
             ... on level 3 of the Dungeon.
             The game lasted 00:03:15 (2937 turns).

BritishOli the Skirmisher (Demonspawn Fighter)      Turns: 2937, Time: 00:03:16

Health: -3/42      AC:  8    Str: 18    XL:     5   Next: 11%
Magic:  5/5        EV:  7    Int:  9    God:
Gold:   139        SH: 13    Dex: 12    Spells: 4/4 levels left

rFire    . . .     SeeInvis .   a - +0 long sword
rCold    + . .     Faith    .   c - +0 kite shield
rNeg     . . .     Spirit   .   b - +0 scale mail
rPois    .         Reflect  .   (no helmet)
rElec    .         Harm     .   e - +0 cloak
rCorr    +                      (no gloves)
MR       .....                  (no boots)
Stlth    ..........             (no amulet)
HPRegen  0.14/turn              h - ring of resist corrosion
MPRegen  0.09/turn              j - ring of protection from cold

@: no status effects
A: talons 1, large bone plates 1
a: no special abilities


You were on level 3 of the Dungeon.
You visited 1 branch of the dungeon, and saw 3 of its levels.

You collected 139 gold pieces.

Inventory:

Hand Weapons
 a - a +0 long sword (weapon)
Armour
 b - a +0 scale mail (worn)
 c - a +0 kite shield (worn)
 e - a +0 cloak (worn)
Jewellery
 h - a ring of resist corrosion (left hand)
 j - a ring of protection from cold (right hand)
 s - an uncursed ring of magical power {unknown}
Wands
 p - a wand of digging (4)
Scrolls
 l - a scroll of identify {unknown}
 n - a scroll of amnesia {unknown}
 r - a scroll of fear {unknown}
Potions
 d - a potion of might
 f - a potion of stabbing {unknown}
 g - 3 potions of heal wounds {unknown}
 i - a potion of resistance {unknown}
 k - a potion of lignification {unknown}
 m - a potion of mutation {unknown}
 o - a potion of magic {unknown}
 q - a potion of berserk rage {unknown}


   Skills:
 + Level 3.8 Fighting
 + Level 2.8 Long Blades
 + Level 3.6 Armour
 + Level 3.4 Shields


You had 4 spell levels left.
You didn't know any spells.
Your spell library was empty.

Dungeon Overview and Level Annotations

Branches:
Dungeon (3/15)

Altars:

Annotations:
D:3 Grinder


Innate Abilities, Weirdness & Mutations

You have sharp toenails.
You are partially covered in large bone plates. (SH +4)


Message History

Grinder hits you.
* * * LOW HITPOINT WARNING * * *
You writhe in agony.
* * * LOW HITPOINT WARNING * * *
You barely miss Grinder. Your kick misses Grinder.
Grinder is heavily wounded.
Grinder hits you but does no damage. x2
You slash Grinder! Your kick misses Grinder.
Grinder is severely wounded.
You block Grinder's attack.
You hit Grinder. Your kick misses Grinder.
Grinder is almost dead.
Grinder blinks!
Grinder hits you.
* * * LOW HITPOINT WARNING * * *
You hit Grinder.
Grinder is almost dead.
Grinder hits you!
* * * LOW HITPOINT WARNING * * *
You writhe in agony.
You die...

#.<.# ##.####.....####
....................#..........
######..####........#..[..###..
#..# #...####.##...####. #..#
#.. #..#........ #..# #..
#....######. ...# #..####..###
##.# +..5P....# #...@...##
#..##)#.# +.. #..#.# #. #..#.#
# #..#.. #+##.. ...# ..##


You could see Grinder.

Vanquished Creatures
  A worker ant (D:2)
  Robin (D:2)
  2 adders (D:2)
  A worm (D:2)
  4 dart slugs (D:1)
  2 leopard geckos (D:2)
  2 orcs (D:3)
  6 bats
  2 giant cockroaches
  13 goblins
  12 hobgoblins
  9 jackals
  2 quokkas
  A ball python (D:2)
  6 frilled lizards
  7 kobolds
  10 rats
81 creatures vanquished.

Notes
Turn   | Place    | Note
-------+----------+-------------------------------------------
     0 | D:1      | BritishOli the Demonspawn Fighter began the quest for the
                  | Orb.
     0 | D:1      | Reached XP level 1. HP: 18/18 MP: 1/1
   283 | D:1      | Gained mutation: You are partially covered in large bone
                  | plates. (SH +4) [demonic ancestry]
   283 | D:1      | Reached XP level 2. HP: 19/24 MP: 2/2
  1053 | D:1      | Gained mutation: You have sharp toenails. [demonic
                  | ancestry]
  1053 | D:1      | Reached XP level 3. HP: 29/29 MP: 3/3
  1726 | D:2      | Reached XP level 4. HP: 35/35 MP: 4/4
  2337 | D:2      | Noticed Robin
  2350 | D:2      | Killed Robin
  2638 | D:3      | Reached XP level 5. HP: 42/42 MP: 5/5
  2915 | D:3      | Noticed Grinder
  2925 | D:3      | Paralysed by Grinder for 5 turns
  2937 | D:3      | HP: 1/42 [Grinder (7)]
  2937 | D:3      | Slain by Grinder

Illustrated notes

Levels and vault maps discovered:
D:1:      eino_arrival_cavern_d, layout_basic
D:2:      layout_basic, uniq_robin
D:3:      corexii_shack_village, layout_loops_ring, ebering_ghost_gozag,
          uniq_grinder, uniq_natasha

Skill      XL: |  1  2 |
---------------+-------+-----
Long Blades    | 2 |  2.8
Shields        | 3 |  3.4
Armour         | 3 |  3.6
Fighting       | |  3.8

Action                   |  1- 3 |  4- 6 || total
-------------------------+-------+-------++-------
Melee: Long sword        |   100 |   125 ||   225
       Kick              |     7 |    32 ||    39
  Use: Potion            |       |     1 ||     1
Armor: Scale mail        |    20 |    62 ||    82
Dodge: Dodged            |    20 |    46 ||    66
Block: Kite shield       |    69 |   108 ||   177
       Rpst.: Long sword |     5 |    15 ||    20

Table legend: (Time is in decaauts)
 A = Elapsed time spent in this place.
 B = Non-inter-level travel time spent in this place.
 C = Inter-level travel time spent in this place.
 D = Time resting spent in this place.
 E = Time spent auto-exploring this place.
 F = Levels seen in this place.
 G = Mean time per level.
                   A        B        C        D        E       F      G
               +--------+--------+--------+--------+--------+-----+--------+
         Total |   2998 |   2832 |    166 |      0 |   2336 |   3 |  999.3 |
       Dungeon |   2998 |   2832 |    166 |      0 |   2336 |   3 |  999.3 |
               +--------+--------+--------+--------+--------+-----+--------+

Top non-repeatable levels by time:
     D:1: 1636 daAuts
     D:2: 1047 daAuts
     D:3: 313 daAuts
